 Dungeon Crawl Stone Soup version 0.31-a0-167-g1c394c0614 (webtiles) character file.

Game seed: 7906491536655991378

210 qw the Shooter (level 5, -12/49 HPs)
             Began as a Naga Hunter on June 14, 2023.
             Killed from afar by a steam dragon (16 damage)
             ... with a ball of steam
             ... on level 3 of the Dungeon.
             The game lasted 00:00:41 (1583 turns).

qw the Shooter (Naga Hunter)                        Turns: 1583, Time: 00:00:42

Health: -12/49     AC:  8    Str: 13    XL:     5   Next: 88%
Magic:  14/14      EV:  7    Int:  5    God:
Gold:   39         SH:  0    Dex: 17    Spells: 4/4 levels left

rFire   . . .        Y - +0 shortbow (flame)
rCold   . . .        (shield currently unavailable)
rNeg    . . .        c - +0 leather armour
rPois   +            (no helmet)
rElec   +            (no cloak)
rCorr   .            (no gloves)
SInv    +            h - +1 barding of the Evening {+Inv rElec MP+9 Int-4}
Will    .....        (no amulet)
Stlth   ++           (no ring)
HPRegen 0.28/turn    (no ring)
MPRegen 0.14/turn

%: no passive effects
@: short of breath, very slow
A: AC +1, large, see invisible, deformed body, poison resistance, slowness 2,
spit poison 1, naga tail 1
a: Spit Poison, Evoke Invisibility


You were on level 3 of the Dungeon.
You visited 1 branch of the dungeon, and saw 3 of its levels.

You collected 81 gold pieces.
You spent 42 gold pieces at shops.


Innate Abilities, Weirdness & Mutations

Your serpentine skin is tough. (AC +1)
You have supernaturally acute eyesight. (SInv)
Armour fits poorly on your strangely shaped body.
Your system is resistant to poisons. (rPois)
You cover ground very slowly.
You can spit poison.
You have a snake-like lower body.


   Skills:
 - Level 3.2 Fighting
 + Level 5.5 Ranged Weapons
 - Level 1.3 Armour
 - Level 1.5 Dodging
 - Level 1.5 Stealth


You had 4 spell levels left.
You didn't know any spells.
Your spell library was empty.

Inventory:

Hand Weapons
 Y - a +0 shortbow of flaming (weapon)
Armour
 a - a +0 cloak
 c - a +0 leather armour (worn)
 h - the +1 barding of the Evening (worn) {+Inv rElec MP+9 Int-4}
   (You acquired it on level 2 of the Dungeon)

   Int:       It affects your intelligence (-4).
   rElec:     It insulates you from electricity.
   MP:        It affects your magic capacity (+9).
   +Inv:      It lets you turn invisible.
Jewellery
 b - a ring of ice
Scrolls
 d - a scroll of identify
Potions
 e - a potion of curing
 g - a potion of haste

Dungeon Overview and Level Annotations

Branches:
Dungeon (3/15)

Altars:

Shops:
D:2 !


Message History

A steam dragon comes into view.
The steam dragon hisses angrily.
You see here a +0 scale mail.
Enter note: You shoot an arrow.
The arrow hits the steam dragon.
The arrow burns the steam dragon.
The steam dragon is lightly wounded.
The steam dragon breathes steam at you. The ball of steam hits you!!
1576 ||| Stepping ~*~*~tactically~*~*~ (cloud).
1577 ||| Stepping ~*~*~tactically~*~*~ (cloud).
You start resting.
1579 ||| INVOKING Spit Poison.
Aiming: Spit Poison (1% risk of failure)
Press: ? - help, Shift-Dir - straight line, f/p - steam dragon The splash of poison hits the steam dragon but does no damage.
The steam dragon is poisoned.
The steam dragon is lightly wounded.
The steam dragon breathes steam at you. The ball of steam hits you.
1580 ||| Stepping ~*~*~tactically~*~*~ (cloud).
You shoot an arrow.
The arrow barely misses the steam dragon.
You have got your breath back.
The steam dragon breathes steam at you. The ball of steam hits you!
1582 ||| INVOKING Spit Poison.
Aiming: Spit Poison (1% risk of failure)
Press: ? - help, Shift-Dir - straight line, f/p - steam dragon The splash of poison misses the steam dragon.
You are engulfed in a cloud of scalding steam.
The steam dragon bites you.
The steam dragon claws you but does no damage.
You shoot an arrow.
The arrow hits the steam dragon but does no damage.
The steam dragon is moderately wounded.
You are engulfed in a cloud of scalding steam.
The steam dragon breathes steam at you. The ball of steam hits you!
You die...

####### ......#
...##.#######
.............
...##........
#####.############
....#.##.......¤@###.#.#.
...............¤¤D.......
....#....###.....###.#.#.
......##.# #.#####
#####.##.###.#...###.
.............).....[..
#####.##.....#...###.#
#.##.....#####
#.##........


You could see a steam dragon (poisoned, catching breath).

Vanquished Creatures
  An orc priest (D:3)
  Natasha (thrice) (D:2)
  An iguana (D:3)
  A gnoll (D:1)
  2 adders
  A worm (D:2)
  3 dart slugs
  3 orcs (D:3)
  5 endoplasms
  A giant cockroach (D:1)
  5 quokkas
  7 ball pythons
  5 frilled lizards
  3 goblins
  4 kobolds
  5 rats (D:2)
50 creatures vanquished.

Notes
Turn   | Place    | Note
-------+----------+-------------------------------------------
     0 | D:1      | qw the Naga Hunter began the quest for the Orb.
     0 | D:1      | Reached XP level 1. HP: 19/19 MP: 1/1
     0 | D:1      | 0 ||| qw: Version: 0.2-a-29-g1fa15c8
     0 | D:1      | 0 ||| qw: Game counter: 4862
     0 | D:1      | 0 ||| qw: Always use a shield: true
     0 | D:1      | 0 ||| qw: God list: Okawaru
     0 | D:1      | 0 ||| qw: Allow faded altars: false
     0 | D:1      | 0 ||| qw: Do Orc after D:15 true
     0 | D:1      | 0 ||| qw: Do second Lair branch before Depths: true
     0 | D:1      | 0 ||| qw: Lair rune preference: random
     0 | D:1      | 0 ||| qw: Plans: Normal
     0 | D:1      | 0 ||| PLANNING D:1-11
   118 | D:1      | 118 ||| INVOKING Spit Poison.
   127 | D:1      | 127 ||| Stepping ~*~*~tactically~*~*~ (outnumbered).
   129 | D:1      | 129 ||| Stepping ~*~*~tactically~*~*~ (outnumbered).
   131 | D:1      | 131 ||| INVOKING Spit Poison.
   147 | D:1      | 147 ||| INVOKING Spit Poison.
   194 | D:1      | 194 ||| INVOKING Spit Poison.
   200 | D:1      | Reached skill level 4 in Ranged Weapons
   200 | D:1      | Reached XP level 2. HP: 26/26 MP: 2/2
   226 | D:1      | 226 ||| INVOKING Spit Poison.
   266 | D:1      | 266 ||| INVOKING Spit Poison.
   293 | D:1      | 293 ||| INVOKING Spit Poison.
   418 | D:1      | 418 ||| READING scroll labelled AJO USKOXZEKHLU.
   419 | D:1      | 419 ||| READING scroll labelled AMINOCZ QUMAR.
   420 | D:1      | 420 ||| DROPPING scroll of butterflies.
   424 | D:1      | 424 ||| INVOKING Spit Poison.
   426 | D:1      | Reached XP level 3. HP: 32/32 MP: 3/3
   472 | D:2      | 472 ||| INVOKING Spit Poison.
   476 | D:2      | 476 ||| INVOKING Spit Poison.
   496 | D:2      | 496 ||| INVOKING Spit Poison.
   502 | D:2      | 502 ||| INVOKING Spit Poison.
   533 | D:2      | 533 ||| INVOKING Spit Poison.
   537 | D:2      | 537 ||| INVOKING Spit Poison.
   557 | D:2      | 557 ||| INVOKING Spit Poison.
   560 | D:2      | Noticed Natasha
   561 | D:2      | 561 ||| INVOKING Spit Poison.
   568 | D:2      | 568 ||| INVOKING Spit Poison.
   583 | D:2      | 583 ||| INVOKING Spit Poison.
   589 | D:2      | Killed Natasha
   590 | D:2      | Reached skill level 5 in Ranged Weapons
   590 | D:2      | Reached XP level 4. HP: 36/39 MP: 4/4
   630 | D:2      | Noticed Natasha
   631 | D:2      | 631 ||| INVOKING Spit Poison.
   635 | D:2      | Killed Natasha
   637 | D:2      | 637 ||| INVOKING Spit Poison.
   645 | D:2      | 645 ||| INVOKING Spit Poison.
   648 | D:2      | 648 ||| INVOKING Spit Poison.
   679 | D:2      | Found Edeblape's Distillery.
   691 | D:2      | 691 ||| BUYING potion of curing (42 gold).
   691 | D:2      | Bought a potion of curing for 42 gold pieces
   691 | D:2      | 691 ||| SHOPLISTING potion of curing (42 gold, have 8).
   691 | D:2      | 691 ||| SHOPLISTING potion of haste (140 gold, have 8).
   719 | D:2      | Noticed Natasha
   720 | D:2      | 720 ||| INVOKING Spit Poison.
   725 | D:2      | 725 ||| INVOKING Spit Poison.
   725 | D:2      | Killed Natasha
   726 | D:2      | Reached skill level 3 in Fighting
   726 | D:2      | Reached XP level 5. HP: 30/49 MP: 5/5
   799 | D:2      | 799 ||| INVOKING Spit Poison.
   812 | D:2      | 812 ||| INVOKING Spit Poison.
   813 | D:2      | 813 ||| INVOKING Spit Poison.
   840 | D:2      | 840 ||| INVOKING Spit Poison.
   844 | D:2      | 844 ||| INVOKING Spit Poison.
   862 | D:2      | 862 ||| INVOKING Spit Poison.
   940 | D:2      | 940 ||| INVOKING Spit Poison.
   944 | D:2      | 944 ||| INVOKING Spit Poison.
  1065 | D:2      | 1065 ||| INVOKING Spit Poison.
  1155 | D:2      | 1155 ||| READING scroll labelled WUSCHA BI FET ORU.
  1155 | D:2      | Identified a scroll of acquirement
  1155 | D:2      | 1155 ||| ACQUIRING +1 barding of the Evening {+Inv rElec
                  | MP+9 Int-4}
  1155 | D:2      | Acquired the +1 barding of the Evening {+Inv rElec MP+9
                  | Int-4}
  1157 | D:2      | 1157 ||| UPGRADING to +1 barding of the Evening {+Inv rElec
                  | MP+9 Int-4}.
  1227 | D:2      | 1227 ||| READING scroll labelled NETHOD HOQUMNI.
  1228 | D:2      | 1228 ||| READING scroll labelled WUTUTOWKERILA.
  1229 | D:2      | 1229 ||| DRINKING 2 white potions.
  1333 | D:2      | 1333 ||| DRINKING 4 murky dark potions.
  1334 | D:2      | 1334 ||| READING 2 scrolls of identify.
  1334 | D:2      | 1334 ||| IDENTIFYING sapphire potion
  1335 | D:2      | 1335 ||| DROPPING potion of berserk rage.
  1336 | D:2      | 1336 ||| DROPPING 3 potions of attraction.
  1389 | D:3      | 1389 ||| INVOKING Spit Poison.
  1394 | D:3      | 1394 ||| Stepping ~*~*~tactically~*~*~ (outnumbered).
  1395 | D:3      | 1395 ||| INVOKING Spit Poison.
  1398 | D:3      | 1398 ||| INVOKING Spit Poison.
  1402 | D:3      | 1402 ||| INVOKING Spit Poison.
  1404 | D:3      | Reached skill level 1 in Armour
  1408 | D:3      | 1408 ||| INVOKING Spit Poison.
  1488 | D:3      | 1488 ||| INVOKING Spit Poison.
  1494 | D:3      | 1494 ||| INVOKING Spit Poison.
  1497 | D:3      | 1497 ||| INVOKING Spit Poison.
  1574 | D:3      | Noticed a steam dragon
  1576 | D:3      | 1576 ||| Stepping ~*~*~tactically~*~*~ (cloud).
  1577 | D:3      | 1577 ||| Stepping ~*~*~tactically~*~*~ (cloud).
  1579 | D:3      | 1579 ||| INVOKING Spit Poison.
  1580 | D:3      | 1580 ||| Stepping ~*~*~tactically~*~*~ (cloud).
  1582 | D:3      | 1582 ||| INVOKING Spit Poison.
  1582 | D:3      | HP: 8/49 [steam dragon] (12)]
  1583 | D:3      | Killed from afar by a steam dragon

Levels and vault maps discovered:
D:1:      saegor_arrival_simple_e, layout_rooms, serial_aquarium,
          aquarium_bridge_straight [aquarium_subvault_bridge,
          aquarium_subvault_window, aquarium_subvault_bridge,
          aquarium_subvault_balcony], aquarium_bridge_square
          [aquarium_subvault_wall, aquarium_subvault_bridge,
          aquarium_subvault_wall, aquarium_subvault_bridge], aquarium_window_1,
          aquarium_window_3, aquarium_view_2c, aquarium_pool_2
D:2:      layout_basic, serial_shops, nicolae_shop_industrial_runoff,
          minmay_tripent, uniq_natasha
D:3:      kb_forest_paths, layout_basic, shapermc_ecumenical_altar_ellora

Skill      XL: |  1  2  3  4  5 |
---------------+----------------+-----
Ranged Weapons | 4 5 |  5.5
Fighting       | 3 |  3.2
Armour         | 1 |  1.3
Dodging        | |  1.5
Stealth        | |  1.5

Action                     |  1- 3 |  4- 6 || total
---------------------------+-------+-------++-------
   Fire: Shortbow          |    45 |    59 ||   104
Ability: Spit Poison       |    18 |    24 ||    42
    Use: Scroll            |     2 |     4 ||     6
         Potion            |       |     2 ||     2
 Armour: Leather armour    |       |    19 ||    19
  Dodge: Dodged            |     9 |    12 ||    21

Table legend:
 A = Non-vault XP
 B = Vault XP
 C = Vault XP percentage of total XP
 D = Non-vault monster count
 E = Vault monster count
 F = Vault count percentage of total count
                 A         B        C        D         E       F
            +---------+---------+-------+---------+---------+-------
      Total |     263 |      38 |  12.6 |      47 |       3 |   6.0
            +---------+---------+-------+---------+---------+-------
        D:1 |      36 |       0 |   0.0 |      12 |       0 |   0.0
        D:2 |     125 |      38 |  23.3 |      27 |       3 |  10.0
        D:3 |     102 |       0 |   0.0 |       8 |       0 |   0.0
            +---------+---------+-------+---------+---------+-------
